 Dungeon Crawl Stone Soup version 0.30-a0-777-ga9a30cbeda (webtiles) character file.

Game seed: 7624522214345314194

15717 jimonade the Frost Mage (level 12, -3/113 HPs)
             Began as an Ogre Ice Elementalist on Feb 13, 2023.
             Was an Elder of Okawaru.
             Slain by a seven-headed hydra (6 damage)
             ... on level 2 of the Lair of Beasts.
             The game lasted 00:43:53 (16565 turns).

jimonade the Frost Mage (Ogre Ice Elementalist)    Turns: 16565, Time: 00:43:54

Health: -3/113     AC: 28    Str: 19    XL:     12   Next: 29%
Magic:  28/35      EV: 11    Int: 16    God:    Okawaru [****..]
Gold:   693        SH:  0    Dex:  9    Spells: 20/31 levels left

rFire   . . .      SeeInvis +    a - +6 great mace (protect)
rCold   . . .      Faith    .    (shield currently unavailable)
rNeg    . . .      Spirit   .    S - +0 swamp dragon scales
rPois   +          Reflect  .    U - +2 hat
rElec   .          Harm     .    R - +1 cloak
rCorr   .          Rampage  .    (gloves unavailable)
Will    +....                    (boots unavailable)
Stlth   ++                       T - amulet of the acrobat
HPRegen 0.38/turn                q - ring of see invisible
MPRegen 0.24/turn                M - ring of magical power

@: ice-armoured, heroic, under a protective aura, freezing walls
A: large, unfitting armour, tough skin 1
a: Renounce Religion, Heroism, Finesse


You were on level 2 of the Lair of Beasts.
You worshipped Okawaru.
Okawaru was greatly pleased with you.
You visited 3 branches of the dungeon, and saw 11 of its levels.

You collected 693 gold pieces.

Inventory:

Hand Weapons
 a - a +6 great mace of protection (weapon)
 j - a +0 sling
 X - a +0 giant spiked club
Missiles
 e - 58 stones
 s - 16 poisoned darts (quivered)
 J - 5 boomerangs
Armour
 u - a +0 animal skin
 N - a +0 robe of willpower
 R - a +1 cloak (worn)
 S - +0 swamp dragon scales (worn)
 U - a +2 hat (worn)
Magical Staves
 b - a staff of cold
 B - a staff of conjuration
Jewellery
 q - a ring of see invisible (left hand)
 D - a ring of positive energy
 M - a ring of magical power (right hand)
 P - a ring of poison resistance
 T - an amulet of the acrobat (around neck)
Wands
 d - a wand of flame (17)
 m - a wand of acid (15)
 V - a wand of mindburst (5)
 Y - a wand of paralysis (4)
 Z - a wand of roots (7)
Scrolls
 k - a scroll of fear
 n - 4 scrolls of poison
 o - a scroll of identify
 w - 3 scrolls of amnesia
 x - 5 scrolls of teleportation
 C - a scroll of fog
 F - a scroll of blinking
 I - a scroll of enchant armour
 O - 2 scrolls of vulnerability
Potions
 c - 4 potions of attraction
 f - a potion of heal wounds
 g - 4 potions of curing
 h - 2 potions of brilliance
 i - a potion of mutation
 l - a potion of magic
 v - a potion of degeneration {unknown}
 z - 2 potions of might
 H - 2 potions of resistance
 L - a potion of lignification {unknown}
 Q - a potion of haste {unknown}


   Skills:
 + Level 5.9(10.9) Fighting
 * Level 7.3(12.3) Maces & Flails
 + Level 0.3(5.3) Throwing
 + Level 4.6(9.6) Armour
 + Level 5.0(10.0) Dodging
 - Level 1.4(6.4) Stealth
 - Level 10.1 Spellcasting
 - Level 5.1 Summonings
 + Level 11.1 Ice Magic
 + Level 0.7 Invocations
 + Level 0.6 Evocations


You had 20 spell levels left.
You knew the following spells:

 Your Spells              Type           Power      Damage    Failure   Level
a - Freeze                Ice            100%       1d10      1%          1
b - Frozen Ramparts       Ice            86%        1d13      1%          3
c - Ozocubu's Armour      Ice            43%        N/A       1%          3
d - Summon Ice Beast      Ice/Summ       34%        N/A       4%          4

Your spell library contained the following spells:

 Spells                   Type           Power      Damage    Failure   Level
 Lesser Beckoning         Tloc           16%        N/A       22%         2
 Static Discharge         Conj/Air       16%        2-3/arc   22%         2
 Gell's Gravitas          Tloc           8%         N/A       38%         3
 Teleport Other           Tloc           8%         N/A       38%         3
 Vhi's Electric Charge    Tloc/Air       16%        N/A       38%         3
 Ozocubu's Refrigeration  Ice            21%        4d12      77%         7
 Passage of Golubria      Tloc           8%         N/A       80%         4
 Arcjolt                  Conj/Air       4%         1d14      98%         5
 Lightning Bolt           Conj/Air       4%         1d15      98%         5
 Yara's Violent Unravell  Hex/Tmut       4%         3d4       98%         5
 Dispersal                Tloc           4%         N/A       100%        6
 Tukima's Dance           Hex            Unusable   N/A       N/A         3

Dungeon Overview and Level Annotations

Branches:
Dungeon (8/15)             Temple (1/1) D:7            Lair (2/5) D:8
  Swamp: Lair:2-3    Shoals: Lair:2-3     Snake: Lair:2-3    Spider: Lair:2-3

Altars:
Ashenzari
Cheibriados
Dithmenos
Fedhas
Gozag
Kikubaaqudgha
Makhleb
Nemelex Xobeh
Okawaru
Qazlal
Ru
Sif Muna
Trog
Uskayaw
Wu Jian
Xom
Yredelemnul
Zin
The Shining One

Shops:
D:6 :


Innate Abilities, Weirdness & Mutations

You are too large for most types of armour.
You have tough skin. (AC +1)


Message History

The seven-headed hydra closely misses you.
You hit the seven-headed hydra.
The seven-headed hydra is heavily wounded.
The wall freezes the seven-headed hydra.
The seven-headed hydra misses you.
The seven-headed hydra bites you but does no damage. x2
The seven-headed hydra closely misses you.
The seven-headed hydra bites you but does no damage.
The seven-headed hydra closely misses you.
The seven-headed hydra bites you but does no damage.
You barely miss the seven-headed hydra.
The seven-headed hydra is heavily wounded.
A wolf comes into view.
The wall freezes the seven-headed hydra!
The seven-headed hydra barely misses you.
The seven-headed hydra bites you but does no damage. x4
The seven-headed hydra bites you.
* * * LOW HITPOINT WARNING * * *
The seven-headed hydra bites you.
* * * LOW HITPOINT WARNING * * *
The wolf howls!
You sock the seven-headed hydra!
The seven-headed hydra is severely wounded.
The wall freezes the seven-headed hydra.
The seven-headed hydra seems to slow down.
The seven-headed hydra bites you but does no damage. x3
The seven-headed hydra bites you!
* * * LOW HITPOINT WARNING * * *
The seven-headed hydra bites you!
* * * LOW HITPOINT WARNING * * *
The seven-headed hydra closely misses you.
The seven-headed hydra bites you.
* * * LOW HITPOINT WARNING * * *
The wall freezes the seven-headed hydra!
The seven-headed hydra barely misses you.
The seven-headed hydra bites you.
* * * LOW HITPOINT WARNING * * *
The seven-headed hydra bites you but does no damage.
The seven-headed hydra bites you.
You die...

.......#.#..####
...............#
................
..........#....#
................
.......<........
.......<..#
..).......##
........hD@#
.........[##
..#........
............
.........#...
.#.........#..
....... .#
......


You could see a seven-headed hydra (slow) and a wolf.

Vanquished Creatures
  Gastronok (D:8)
  A hydra (Lair:1)
  A boulder beetle (Lair:1)
  Pikel (D:4)
  6 elephants (Lair:1)
  7 cane toads
  A torpor snail (Lair:1)
  Maggie (D:8)
  2 polar bears (Lair:1)
  9 blink frogs (Lair:1)
  3 wyverns
  Sigmund (D:6)
  4 yaks (D:8)
  2 basilisks (Lair:1)
  A water moccasin (Lair:1)
  4 black bears
  3 sky beasts (D:7)
  2 ice beasts
  2 orc warriors (D:8)
  An ogre (D:6)
  A centaur (D:7)
  14 wolves
  2 lemures
  4 phantoms
  A kobold brigand (D:7)
  7 bullfrogs
  6 scorpions
  2 wights (D:6)
  An electric eel (Lair:1)
  2 howler monkeys (D:8)
  2 jellies (D:6)
  5 orc priests
  3 hounds
  2 gnoll boudas
  Jessica (D:3)
  Natasha (thrice) (D:2)
  8 orc wizards
  Robin (D:3)
  10 gnolls
  6 adders
  3 shadow imps (D:7)
  3 white imps
  3 ufetubi
  A dart slug (D:2)
  28 orcs
  3 bats
  6 endoplasms
  5 giant cockroaches
  13 goblins
  5 hobgoblins
  9 jackals
  5 quokkas
  5 ball pythons
  A frilled lizard (D:3)
  9 kobolds
  6 rats
239 creatures vanquished.

Vanquished Creatures (collateral kills)
  A wight (D:7)
  A shadow imp (D:7)
2 creatures vanquished.

Vanquished Creatures (others)
  8 fungi
  7 plants
15 creatures vanquished.

Grand Total: 256 creatures vanquished

Notes
Turn   | Place    | Note
-------+----------+-------------------------------------------
     0 | D:1      | jimonade the Ogre Ice Elementalist began the quest for the
                  | Orb.
     0 | D:1      | Reached XP level 1. HP: 16/16 MP: 3/3
   398 | D:1      | Reached XP level 2. HP: 23/24 MP: 1/5
   938 | D:2      | Reached skill level 4 in Ice Magic
  1126 | D:2      | Noticed Natasha
  1132 | D:2      | Killed Natasha
  1133 | D:2      | Reached XP level 3. HP: 25/31 MP: 2/7
  1517 | D:2      | Noticed Natasha
  1544 | D:2      | Killed Natasha
  1545 | D:2      | Reached XP level 4. HP: 28/39 MP: 2/9
  1767 | D:2      | Noticed Natasha
  1774 | D:2      | Killed Natasha
  2274 | D:2      | Reached XP level 5. HP: 43/45 MP: 7/11
  2308 | D:2      | Learned a level 3 spell: Frozen Ramparts
  2312 | D:2      | Learned a level 3 spell: Ozocubu's Armour
  2551 | D:3      | Reached skill level 5 in Ice Magic
  2826 | D:3      | Reached XP level 6. HP: 36/53 MP: 9/13
  2828 | D:3      | Reached skill level 5 in Spellcasting
  3185 | D:3      | Noticed Robin
  3205 | D:3      | Killed Robin
  3573 | D:3      | Noticed Jessica
  3579 | D:3      | Killed Jessica
  3700 | D:3      | You fall into a shaft and drop 1 floor!
  3756 | D:4      | Identified the +3 leather armour of Masochism {-Cast rPois
                  | rC+ Str+4}
  3812 | D:4      | Noticed an ice beast
  3821 | D:4      | Killed an ice beast
  4148 | D:4      | Reached XP level 7. HP: 61/61 MP: 6/15
  4258 | D:4      | Reached skill level 1 in Maces & Flails
  4400 | D:4      | Reached skill level 1 in Fighting
  4764 | D:4      | Found a sacrificial altar of Ru.
  4863 | D:5      | Entered Level 5 of the Dungeon
  4963 | D:5      | Reached skill level 1 in Summonings
  5182 | D:5      | Found a shadowy altar of Dithmenos.
  5208 | D:5      | Reached skill level 6 in Ice Magic
  5301 | D:5      | Reached XP level 8. HP: 68/70 MP: 11/18
  6093 | D:5      | Noticed Pikel
  6456 | D:4      | Killed Pikel
  6647 | D:5      | Reached skill level 7 in Ice Magic
  6766 | D:5      | Reached XP level 9. HP: 65/80 MP: 17/20
  7453 | D:3      | Learned a level 4 spell: Summon Ice Beast
  8378 | D:6      | Noticed Sigmund
  8435 | D:6      | Killed Sigmund
  9095 | D:6      | Found an opulent altar of Gozag.
  9560 | D:6      | Found Saxargh's Self-Improvement Boutique.
 10119 | D:7      | Found a snail-covered altar of Cheibriados.
 11374 | D:7      | Reached skill level 8 in Ice Magic
 11473 | D:7      | Found a staircase to the Ecumenical Temple.
 11482 | Temple   | Entered the Ecumenical Temple
 11657 | Temple   | Became a worshipper of Warmaster Okawaru
 12003 | D:8      | Found a broken altar of Ashenzari.
 12003 | D:8      | Found a shimmering blue altar of Sif Muna.
 12003 | D:8      | Found a stormy altar of Qazlal.
 12066 | D:8      | Reached XP level 10. HP: 78/91 MP: 23/23
 12202 | D:8      | Found a staircase to the Lair.
 12356 | D:8      | Noticed Gastronok
 12471 | D:8      | Noticed Maggie
 12486 | D:8      | Killed Maggie
 12487 | D:8      | Reached skill level 5 in Summonings
 12558 | D:8      | Reached * piety under Okawaru
 13291 | D:8      | Killed Gastronok
 13291 | D:8      | Reached ** piety under Okawaru
 13292 | D:8      | Reached skill level 1 in Armour
 13292 | D:8      | Reached skill level 10 in Spellcasting
 13505 | Lair:1   | Entered Level 1 of the Lair of Beasts
 13506 | Lair:1   | Noticed a cane toad
 13550 | D:8      | Reached skill level 9 in Ice Magic
 13784 | D:8      | Killed a cane toad
 13950 | Lair:1   | Reached XP level 11. HP: 97/101 MP: 25/25
 14028 | Lair:1   | Reached skill level 5 in Maces & Flails
 14032 | Lair:1   | Reached *** piety under Okawaru
 14581 | Lair:1   | Identified the +1 rapier of Vuwaxour {holy, rElec rPois
                  | Str-2 Dex+2}
 14925 | Lair:1   | Noticed a seven-headed hydra
 14952 | Lair:1   | Killed a seven-headed hydra
 14952 | Lair:1   | Reached **** piety under Okawaru
 15167 | Lair:1   | Noticed a boulder beetle
 15202 | Lair:1   | Killed a boulder beetle
 15203 | Lair:1   | Reached skill level 5 in Fighting
 15203 | Lair:1   | Reached skill level 10 in Ice Magic
 15592 | Lair:1   | Reached ***** piety under Okawaru
 15602 | Lair:1   | Received a gift from Okawaru
 15611 | Lair:1   | Reached XP level 12. HP: 60/111 MP: 2/26
 15869 | Lair:1   | Reached skill level 11 in Ice Magic
 16473 | Lair:1   | Identified a scroll of acquirement
 16473 | Lair:1   | Acquired a staff of cold
 16553 | Lair:2   | Noticed a seven-headed hydra
 16562 | Lair:2   | Reached skill level 5 in Dodging
 16565 | Lair:2   | HP: 3/113 [seven-headed hydra (4)]
 16565 | Lair:2   | Slain by a seven-headed hydra

Illustrated notes

Levels and vault maps discovered:
D:1:      amcnicky_arrival_blooded_trapdoor, layout_basic,
          corexii_leaking_fountain
D:2:      layout_loops_corners, uniq_natasha
D:3:      minmay_angry_zag, layout_loops_cross,
          nicolae_concentric_dashed_squares_wild, uniq_jessica, uniq_robin
D:4:      layout_rooms, nicolae_ru_path_of_blood, serial_bayou_pond_d
D:5:      layout_layer_cave, mainiacjoe_overflow_brackets, uniq_pikel
D:6:      layout_gridville, mainiacjoe_overflow_catwalk, nicolae_shop_self_help,
          uniq_sigmund
D:7:      layout_basic, kennysheep_mini, lemuel_temple_firewalk_a
D:8:      layout_basic, chequers_temple_overflow_statue_of_worship,
          grunt_lair_entry_orc_guard_hut, serial_corexii_hall,
          chequers_hall_statues_wall_a, corexii_hall_statues_s, uniq_gastronok,
          uniq_maggie
Temple:   nicolae_temple_bog_church
Lair:1:   layout_hall_layers, pdpol_lair_cavern_descent
Lair:2:   layout_chaotic_city, elwin_shoals_entry_rocks,
          guppyfry_snake_entry_garden, st_stairs_8, beast_lair_carwin_7,
          lemuel_fruit_tree, serial_bayou_shore_a

Skill      XL: |  1  2  3  4  5  6  7  8  9 10 11 12 |
---------------+-------------------------------------+-----
Ice Magic      | 4 5 6 7 8 9 10 11 | 11.1
Spellcasting   | 3 4 5 6 7 9 10 | 10.1
Dodging        | 2 3 4 5 |  5.0
Maces & Flails | 1 3 4 6 7 |  7.3
Fighting       | 1 2 3 4 5 |  5.9
Summonings     | 1 3 4 5 |  5.1
Armour         | 2 4 |  4.6
Throwing       | |  0.3
Stealth        | |  1.4
Invocations    | |  0.7
Evocations     | |  0.6

Action                     |  1- 3 |  4- 6 |  7- 9 | 10-12 || total
---------------------------+-------+-------+-------+-------++-------
  Melee: Unarmed           |     3 |       |       |       ||     3
         Whip              |       |   111 |   322 |   213 ||   646
         Punch             |       |     1 |     2 |     2 ||     5
         Great mace        |       |       |       |    52 ||    52
  Throw: Dart              |       |       |     6 |       ||     6
   Cast: Freeze            |    37 |    34 |    66 |    92 ||   229
         Frozen Ramparts   |       |    14 |    48 |    45 ||   107
         Ozocubu's Armour  |       |    17 |    60 |    37 ||   114
         Summon Ice Beast  |       |       |     7 |       ||     7
 Invoke: Heroism           |       |       |       |     2 ||     2
         Finesse           |       |       |       |     1 ||     1
  Evoke: Wand              |       |     4 |     3 |     2 ||     9
    Use: Scroll            |       |       |     8 |    11 ||    19
         Potion            |       |       |     1 |       ||     1
 Armour: Robe              |     9 |    24 |    31 |     8 ||    72
         Animal skin       |       |    42 |   126 |       ||   168
         Swamp dragon scal |       |       |       |   278 ||   278
  Dodge: Dodged            |     8 |    69 |   212 |   241 ||   530

Table legend: (Time is in decaauts)
 A = Elapsed time spent in this place.
 B = Non-inter-level travel time spent in this place.
 C = Inter-level travel time spent in this place.
 D = Time resting spent in this place.
 E = Time spent auto-exploring this place.
 F = Levels seen in this place.
 G = Mean time per level.
                   A        B        C        D        E       F      G
               +--------+--------+--------+--------+--------+-----+--------+
         Total |  16601 |  16175 |    426 |   4131 |   8355 |  11 | 1509.2 |
       Dungeon |  14515 |  14160 |    355 |   3953 |   7297 |   8 | 1814.4 |
        Temple |    190 |    156 |     34 |      0 |    144 |   1 |  190.0 |
          Lair |   1895 |   1858 |     37 |    178 |    914 |   2 |  947.5 |
               +--------+--------+--------+--------+--------+-----+--------+

Top non-repeatable levels by time:
     D:8: 2672 daAuts
     D:5: 2219 daAuts
     D:6: 2079 daAuts
  Lair:1: 1872 daAuts
     D:3: 1818 daAuts
     D:2: 1743 daAuts
     D:7: 1580 daAuts
     D:4: 1509 daAuts
     D:1: 892 daAuts
  Temple: 190 daAuts
  Lair:2: 22 daAuts
